 Dungeon Crawl Stone Soup version 0.18.1-8-gdd0e5ea (webtiles) character file.

83295 shmeve the Peltast (level 15, -3/144 HPs)
             Began as a Minotaur Berserker on May 26, 2016.
             Was the Champion of Trog.
             Killed from afar by a bog body (24 damage)
             ... with a bolt of cold
             ... on level 1 of the Swamp.
             The game lasted 00:47:22 (21737 turns).

shmeve the Peltast (Minotaur Berserker)            Turns: 21737, Time: 00:47:22

Health: -3/144     AC: 31    Str: 30    XL:     15   Next: 31%
Magic:  14/14      EV: 13    Int:  4    God:    Trog [******]
Gold:   1636       SH: 25    Dex: 16    Spells: 0 memorised, 14 levels left

rFire  . . .     SeeInvis .     H - +9 war axe of Somewhere Else {drain, *Corrode rN+ Dex+4}
rCold  . . .     Gourm    .     A - +2 plate armour {rPois}
rNeg   + . .     Faith    .     T - +2 large shield
rPois  +         Spirit   .     O - +2 hat
rElec  .         Dismiss  .     h - +1 cloak
rCorr  .         Reflect  .     I - +2 pair of gloves
SustAt .         Harm     .     g - +2 pair of boots
MR     +....                    (no amulet)
Stlth  ..........               Z - +4 ring of strength
                                W - +2 ring of protection

@: slowed, studying Armour, very slow, somewhat resistant to hostile
enchantments, extremely unstealthy
A: retaliatory headbutt, horns 2
a: Berserk, Trog's Hand, Brothers in Arms, Burn Spellbooks, Renounce Religion


You were on level 1 of the Swamp.
You worshipped Trog.
Trog was exalted by your worship.
You were not hungry.

You visited 4 branches of the dungeon, and saw 22 of its levels.
You also visited: Bailey.

You collected 1636 gold pieces.

Inventory:

Hand Weapons
 H - the +9 war axe of Somewhere Else (weapon) {drain, *Corrode rN+ Dex+4}
   (Trog gifted it to you on level 8 of the Lair of Beasts)

   A truly terrible weapon, it drains the life of those it strikes.
   It affects your dexterity (+4).
   It protects you from negative energy.
   It may corrode you when you take damage.
Armour
 g - a +2 pair of boots (worn)
 h - a +1 cloak (worn)
 A - a +2 plate armour of poison resistance (worn)
 I - a +2 pair of gloves (worn)
 O - a +2 hat (worn)
 T - a +2 large shield (worn)
Jewellery
 W - a +2 ring of protection (left hand)
 X - a +1 ring of evasion
 Z - a +4 ring of strength (right hand)
Wands
 j - a wand of confusion (30/48)
 u - a wand of teleportation (3/9)
 Q - a wand of flame (29/48)
Scrolls
 a - 10 scrolls of teleportation
 d - 27 scrolls of identify
 n - 6 scrolls of fear
 p - 2 scrolls of magic mapping {unknown}
 r - 5 scrolls of remove curse
 v - 4 scrolls of immolation {unknown}
 y - 2 scrolls of fog {unknown}
 D - 7 scrolls of enchant weapon
 G - 2 scrolls of enchant armour {unknown}
 J - 3 scrolls of recharging
 P - 2 scrolls of blinking
 S - 2 scrolls of vulnerability {unknown}
Potions
 b - 2 potions of resistance {unknown}
 e - 4 potions of haste {unknown}
 f - a potion of might
 i - 7 potions of curing {unknown}
 k - 4 potions of brilliance {unknown}
 l - a potion of cure mutation {unknown}
 m - 4 potions of lignification {unknown}
 o - 4 potions of invisibility {unknown}
 q - 2 potions of magic {unknown}
 s - 5 potions of degeneration {unknown}
 t - 8 potions of heal wounds {unknown}
 w - 2 potions of cancellation {unknown}
 z - 4 potions of agility
 E - a potion of mutation {unknown}
 F - a potion of berserk rage {unknown}
 K - a potion of ambrosia {unknown}
 V - 3 potions of flight {unknown}
Books
 M - a manual of
Armour
 N - a manual of Armour
Comestibles
 c - 10 bread rations
 x - 29 fruits
 B - 6 beef jerkies
 L - 11 royal jellies
 R - 4 meat rations


   Skills:
 * Level 16.0 Fighting
 * Level 16.0 Axes
 + Level 13.4 Armour
 + Level 10.9 Dodging
 * Level 16.4 Shields


You had 14 spell levels left.
You didn't know any spells.

Dungeon Overview and Level Annotations

Branches:
Dungeon (11/15)            Temple (0/1) D:7            Lair (8/8) D:11
  Swamp (1/4) Lair:6        Snake (2/4) Lair:3        Slime (0/6) Lair:6
    Orc: D:9-12

Altars:
Ashenzari
Elyvilon
Gozag
Kikubaaqudgha
Makhleb
Okawaru
Qazlal
Sif Muna
Trog
Vehumet
Xom
Zin

Shops:
D:9 }   Snake:2 %

Portals:
Trove: D:10 (give wand of heal wounds (9))


Innate Abilities, Weirdness & Mutations

You reflexively headbutt those who attack you in melee.
You have a pair of horns on your head.


Message History

A bog body comes into view.
You slice the bog body!! You headbutt the bog body.
You destroy the bog body!
Trog appreciates your killing of a magic user.
You block the necrophage's attack.
Your shield and plate armour prevent you from hitting the necrophage.
You headbutt the necrophage!!
The necrophage is severely damaged.
You block the necrophage's attack.
You slice the necrophage!!
You destroy the necrophage!
The bog body points at you and mumbles some strange words.
The bolt of cold hits you!
* * * LOW HITPOINT WARNING * * *
The bolt of cold misses the insubstantial wisp.
You miss the insubstantial wisp.
The insubstantial wisp is heavily damaged.
The bog body gestures at you while chanting.
The bolt of cold hits you!
You die...

♣≈♣≈≈≈♣≈≈≈♣.♣
♣♣≈♣≈.≈.≈....♣
♣....†....♣ ♣♣♣♣
♣.≈<♣♣≈..≈♣♣♣♣≈≈≈♣
♣♣.≈.♣♣♣♣.≈♣♣.≈.≈
♣≈...♣ ♣.†♣..♣
♣♣§≈♣♣ ♣≈†.†≈♣
♣§.♣ ♣♣..v≈♣ .≈≈♣
♣♣♣†@♣ ♣.≈.♣ ♣.≈.♣
♣.≈.♣ ♣♣.≈n≈ ♣.≈.♣
♣♣♣≈♣§♣ ♣(..♣ ♣♣ ♣


You could see a bog body and an insubstantial wisp.

Vanquished Creatures
  Gastronok (Lair:2)
  Kirke (Snake:1)
  A greater naga (Snake:2)
  Donald (Snake:1)
  Aizul (Snake:1)
  Snorg (Lair:3)
  5 naga warriors
  3 hydras
  Harold (Lair:4)
  An anaconda (Snake:2)
  An alligator (Swamp:1)
  Erica (Lair:1)
  4 death yaks
  4 naga sharpshooters
  4 shock serpents
  Sonja (D:11)
  A fire crab (Lair:8)
  A naga ritualist (Snake:2)
  A necromancer (Lair:2)
  A lindwurm (Lair:7)
  The ghost of kqf521 the Covered, a novice DsFi of Qazlal (D:6)
  3 griffons
  An ugly thing (D:11)
  An orc knight (Bailey)
  5 salamanders
  5 mana vipers
  A manticore (D:11)
  12 elephants
  18 black mambas
  Maurice (D:11)
  6 naga magi
  A molten gargoyle (Lair:6)
  2 guardian serpents
  9 spiny frogs
  7 komodo dragons
  3 rime drakes
  A yaktaur (D:10)
  5 polar bears (Lair:8)
  A troll (D:11)
  A spriggan druid (Lair:8)
  A boulder beetle (Lair:8)
  26 blink frogs
  4 bog bodies (Swamp:1)
  12 spriggans (Lair:8)
  3 redbacks (Lair:8)
  32 yaks
  2 hogs (Snake:1)
  5 basilisks
  Grum (D:11)
  A hungry ghost (D:10)
  Menkaure (D:5)
  4 hippogriffs
  2 soldier ants (D:10)
  2 insubstantial wisps (Swamp:1)
  15 nagas
  5 water moccasins
  15 orc warriors
  14 porcupines
  5 phantoms
  An ice beast (D:8)
  3 sky beasts
  4 black bears (Lair:8)
  4 necrophages
  3 wasps (Lair:8)
  22 wolves
  3 ogres
  4 centaurs
  3 big kobolds
  19 crocodiles
  17 giant frogs
  A wyvern zombie (D:8)
  8 scorpions
  8 killer bees
  7 wights
  An electric eel (Lair:6)
  10 howler monkeys
  5 crimson imps
  Crazy Yiuf (D:6)
  2 centaur zombies
  5 hounds
  2 quasits
  A centaur skeleton (D:8)
  3 jellies
  9 orc priests
  3 giant frog skeletons
  10 iguanas
  16 orc wizards
  3 yak simulacra (Lair:2)
  4 worker ants
  A polar bear simulacrum (Lair:2)
  3 wolf simulacra (Lair:2)
  11 sheep
  2 hound zombies
  A hound skeleton (D:10)
  A howler monkey zombie (D:5)
  16 adders
  113 river rats
  2 shadow imps
  An ooze (D:6)
  An adder zombie (D:9)
  4 worms
  An adder skeleton (D:9)
  4 dart slugs
  A giant gecko (D:2)
  43 orcs
  6 giant cockroaches
  12 hobgoblins
  3 jackals (D:3)
  20 kobolds
  6 quokkas
  3 ball pythons
  11 bats
  2 giant gecko skeletons
  7 giant newts
  7 goblins
  10 rats
  4 river rat simulacra (Lair:2)
  4 fungi
  3 plants
754 creatures vanquished.

Vanquished Creatures (others)
  A bog body (Swamp:1)
  2 nagas
  4 fungi
  A plant (Lair:4)
8 creatures vanquished.

Grand Total: 762 creatures vanquished

Notes
Turn   | Place    | Note
--------------------------------------------------------------
     0 | D:1      | shmeve the Minotaur Berserker began the quest for the Orb.
     0 | D:1      | Reached XP level 1. HP: 19/19 MP: 0/0
   220 | D:1      | Reached XP level 2. HP: 26/27 MP: 1/1
   769 | D:2      | Reached ** piety under Trog
   800 | D:2      | Found a burning altar of Makhleb.
   803 | D:2      | Reached XP level 3. HP: 33/33 MP: 2/2
   812 | D:2      | Found a shimmering altar of Xom.
  1373 | D:2      | Found a stormy altar of Qazlal.
  1447 | D:2      | Reached XP level 4. HP: 37/41 MP: 3/3
  1805 | D:3      | Found a radiant altar of Vehumet.
  1809 | D:3      | Found an ancient bone altar of Kikubaaqudgha.
  1810 | D:3      | Found a deep blue altar of Sif Muna.
  1814 | D:3      | Identified Sif Muna's Collected Works on Calling
  2280 | D:3      | Reached *** piety under Trog
  2553 | D:4      | Reached skill level 5 in Fighting
  2615 | D:4      | Reached skill level 5 in Axes
  2615 | D:4      | Reached XP level 5. HP: 47/48 MP: 4/4
  3158 | D:4      | Noticed a phantom
  3163 | D:4      | Reached XP level 6. HP: 26/57 MP: 5/5
  3430 | D:4      | Found an iron altar of Okawaru.
  3610 | D:4      | Reached XP level 7. HP: 47/64 MP: 6/6
  3734 | D:5      | Entered Level 5 of the Dungeon
  3744 | D:5      | Found an opulent altar of Gozag.
  3751 | D:5      | Found a shattered altar of Ashenzari.
  3846 | D:5      | Noticed Menkaure
  3859 | D:5      | Killed Menkaure
  4617 | D:6      | Got a pair of distressingly furry boots
  4633 | D:6      | Identified the +0 pair of boots of Woddoetz {rPois MR+ rCorr Str-2} (You found it on level 6 of the Dungeon)
  4666 | D:6      | Noticed kqf521's ghost (novice DsFi)
  4684 | D:6      | Killed kqf521's ghost
  4684 | D:6      | Reached skill level 5 in Armour
  4684 | D:6      | Reached XP level 8. HP: 74/74 MP: 7/7
  4691 | D:6      | Reached skill level 5 in Dodging
  4819 | D:6      | Reached **** piety under Trog
  4931 | D:6      | Noticed Crazy Yiuf
  4940 | D:6      | Killed Crazy Yiuf
  5234 | D:6      | Noticed a moth of wrath
  5236 | D:6      | Found a bloodstained altar of Trog.
  5381 | D:7      | Reached XP level 9. HP: 59/83 MP: 8/8
  5396 | D:7      | Found a white marble altar of Elyvilon.
  5908 | D:7      | Found a staircase to the Ecumenical Temple.
  5938 | D:7      | Reached ***** piety under Trog
  5972 | D:7      | Reached skill level 10 in Fighting
  6029 | D:7      | Reached skill level 10 in Axes
  6293 | D:7      | You fall through a shaft for 3 floors!
  6293 | D:10     | Entered Level 10 of the Dungeon
  6810 | D:7      | Reached XP level 10. HP: 92/94 MP: 9/9
  7343 | D:8      | Received a gift from Trog
  7585 | D:8      | Found a glowing silver altar of Zin.
  7720 | D:9      | Found Pebb's Gadget Shop.
  8930 | D:10     | Found a portal to a secret trove of treasure.
  9068 | D:11     | Noticed Sonja
  9077 | D:11     | Killed Sonja
  9091 | D:11     | Found a flagged portal.
  9094 | D:11     | Noticed Grum
  9098 | D:11     | Killed Grum
  9098 | D:11     | Reached XP level 11. HP: 61/104 MP: 10/10
  9207 | Bailey   | Entered a bailey
 10058 | Bailey   | Found a roughly hewn altar of Beogh.
 10058 | Bailey   | Noticed an orc knight
 10066 | Bailey   | Killed an orc knight
 10196 | D:11     | Found a staircase to the Lair.
 10534 | D:11     | Noticed Maurice
 10541 | D:11     | Killed Maurice
 10563 | D:11     | Noticed a purple ugly thing
 10599 | D:11     | Killed a purple ugly thing
 10867 | Lair:1   | Entered Level 1 of the Lair of Beasts
 11306 | Lair:1   | Reached skill level 10 in Armour
 11475 | Lair:1   | Noticed Erica
 11488 | Lair:1   | Killed Erica
 11549 | Lair:1   | Received a gift from Trog
 11895 | Lair:2   | Reached XP level 12. HP: 97/115 MP: 11/11
 12069 | Lair:2   | Noticed Gastronok
 12085 | Lair:2   | Killed Gastronok
 13019 | Lair:3   | Reached skill level 5 in Shields
 13079 | Lair:3   | Noticed a four-headed hydra
 13086 | Lair:3   | Killed a five-headed hydra
 13298 | Lair:3   | Received a gift from Trog
 13341 | Lair:3   | Found a staircase to the Snake Pit.
 13422 | Lair:3   | Noticed Snorg
 13433 | Lair:3   | Killed Snorg
 13848 | Lair:4   | Reached ****** piety under Trog
 13849 | Lair:4   | Reached skill level 10 in Shields
 14590 | Lair:4   | Noticed Harold
 14600 | Lair:4   | Reached XP level 13. HP: 119/123 MP: 12/12
 14603 | Lair:4   | Killed Harold
 14908 | Lair:5   | Received a gift from Trog
 15789 | Lair:6   | Found a staircase to the Swamp.
 16445 | Lair:6   | Found a staircase to the Slime Pits.
 16792 | Lair:7   | Received a gift from Trog
 17053 | Lair:7   | Found a shimmering altar of Xom.
 17953 | Lair:8   | Entered Level 8 of the Lair of Beasts
 18084 | Lair:8   | Reached XP level 14. HP: 120/133 MP: 13/13
 18106 | Lair:8   | Received a gift from Trog
 18622 | Lair:8   | Reached skill level 15 in Shields
 18751 | Lair:8   | Received a gift from Trog
 18754 | Lair:8   | Got a pitted war axe {god gift}
 18755 | Lair:8   | Identified the +9 war axe of Somewhere Else {drain, *Corrode rN+ Dex+4} (Trog gifted it to you on level 8 of the Lair of Beasts)
 18835 | Lair:8   | Reached skill level 15 in Axes
 18967 | Lair:8   | Reached skill level 10 in Dodging
 19362 | Snake:1  | Entered Level 1 of the Snake Pit
 19362 | Snake:1  | Noticed Aizul
 19364 | Snake:1  | Found Dolex's Assorted Antiques.
 19378 | Snake:1  | Killed Aizul
 19437 | Snake:1  | Noticed Donald
 19442 | Snake:1  | Reached skill level 15 in Fighting
 19451 | Snake:1  | Killed Donald
 19901 | Snake:1  | Noticed Kirke
 19916 | Snake:1  | Killed Kirke
 20322 | Snake:2  | Received a gift from Trog
 20459 | Snake:2  | Found Leceg's Food Boutique.
 20499 | Snake:2  | Reached XP level 15. HP: 138/141 MP: 14/14
 20520 | Snake:2  | Noticed a greater naga
 20963 | Snake:2  | Killed a greater naga
 20987 | Snake:2  | HP: 7/143 [poisoned by a naga sharpshooter (splash of poison)]
 21688 | Swamp:1  | Entered Level 1 of the Swamp
 21737 | Swamp:1  | Killed from afar by a bog body

Skill      XL: |  1  2  3  4  5  6  7  8  9 10 11 12 13 14 15 |
---------------+----------------------------------------------+-----
Fighting       | 4 5 6 8 9 10 12 13 14 15 16 | 16.0
Axes           | 4 5 6 7 8 10 12 13 14 15 16 | 16.0
Armour         | 3 5 7 8 10 11 13 | 13.4
Dodging        | 3 4 5 6 8 9 10 | 10.9
Shields        | 11 14 16 | 16.4

Action                   |  1- 3 |  4- 6 |  7- 9 | 10-12 | 13-15 || total
-------------------------+-------+-------+-------+-------+-------++-------
Melee: Hand axe          |    93 |    82 |       |       |       ||   175
       Headbutt          |    13 |    21 |    55 |   119 |   237 ||   445
       War axe           |       |    32 |   263 |   108 |   771 ||  1174
       Battleaxe         |       |       |       |   466 |   120 ||   586
Invok: Burn Spellbooks   |       |     1 |       |     2 |     3 ||     6
       Berserk           |       |       |     2 |     7 |     6 ||    15
       Trog's Hand       |       |       |       |     3 |     1 ||     4
Evoke: Wand              |       |       |       |     4 |       ||     4
  Use: Scroll            |       |     7 |     2 |     1 |     1 ||    11
  Eat: Chunk             |     1 |     8 |     9 |    25 |    19 ||    62
       Beef jerky        |       |       |     1 |       |     1 ||     2
       Pizza             |       |       |     1 |       |       ||     1
       Meat ration       |       |       |       |     2 |     1 ||     3
       Fruit             |       |       |       |     1 |     5 ||     6
Armor: Chain mail        |    67 |    76 |    18 |       |       ||   161
       Plate armour      |       |       |   209 |   415 |   302 ||   926
Dodge: Dodged            |    67 |    66 |   172 |   405 |   245 ||   955
Block: Large shield      |       |       |       |       |   863 ||   863
